 Dungeon Crawl Stone Soup version 0.23.2 (webtiles) character file.

Game seed: 8609824236385860443

1247 Borgoz the Cutter (level 8, 48/48 HPs)
             Began as a Gargoyle Gladiator on Apr 8, 2019.
             Quit the game on level 6 of the Dungeon.
             The game lasted 00:08:10 (5129 turns).

Borgoz the Cutter (Gargoyle Gladiator)              Turns: 5129, Time: 00:08:11

Health: 48/48      AC: 15    Str: 17    XL:     8   Next: 50%
Magic:  8/8        EV: 13    Int: 10    God:
Gold:   247        SH:  0    Dex: 13    Spells: 7/7 levels left

rFire    + . .     SeeInvis .   b - +2 short sword (flame)
rCold    x . .     Gourm    .   (no shield)
rNeg     + . .     Faith    .   e - +0 ring mail
rPois    ∞         Spirit   .   c - +0 helmet
rElec    +         Reflect  .   (no cloak)
rCorr    +         Harm     .   m - +2 pair of gloves
MR       .....                  (no boots)
Stlth    ++........             (no amulet)
HPRegen  0.16/turn              n - ring of fire
MPRegen  0.11/turn              o - ring of resist corrosion

@: no status effects
A: negative energy resistance 1, electricity resistance, unbreathing,
petrification resistance, rot immunity, AC +5
a: no special abilities


You were on level 6 of the Dungeon.
You were hungry.

You visited 1 branch of the dungeon, and saw 6 of its levels.
You also visited: Sewer.

You collected 247 gold pieces.

Inventory:

Hand Weapons
 a - a +1 dagger of venom
 b - a +2 short sword of flaming (weapon)
 i - a +0 rapier
Missiles
 d - 3 throwing nets (quivered)
 u - 3 exploding tomahawks
Armour
 c - a +0 helmet (worn)
 e - a +0 ring mail (worn)
 m - a +2 pair of gloves (worn)
Jewellery
 n - a ring of fire (left hand)
 o - a ring of resist corrosion (right hand)
 y - an uncursed amulet of magic regeneration {unknown}
Scrolls
 g - a scroll of enchant weapon {unknown}
 h - 2 scrolls of amnesia {unknown}
 j - 2 scrolls of noise {unknown}
 p - 4 scrolls of teleportation
 q - 3 scrolls of fog
 r - a scroll of remove curse
Potions
 k - 7 potions of curing
 l - 3 potions of heal wounds
 s - a potion of agility {unknown}
 t - 2 potions of magic {unknown}
 v - 2 potions of lignification {unknown}
 w - 2 potions of haste
 x - a potion of berserk rage {unknown}
 z - a potion of brilliance {unknown}
 A - 2 potions of flight
 B - a potion of mutation {unknown}
Comestibles
 f - 5 rations


   Skills:
 + Level 4.5 Fighting
 * Level 5.7 Short Blades
 - Level 1.7 Throwing
 + Level 3.8 Armour
 * Level 5.0 Dodging
 + Level 4.1 Stealth


You had 7 spell levels left.
You didn't know any spells.
Your spell library was empty.

Dungeon Overview and Level Annotations

Branches:
Dungeon (6/15)             Temple (0/1) D:6

Altars:
Dithmenos
Fedhas
Ru


Innate Abilities, Weirdness & Mutations

You are resistant to torment.
Your stone body is resilient. (AC +5)
You are immune to poison.
You resist negative energy. (rN+)
You are resistant to electric shocks. (rElec)
You can survive without breathing.
You are immune to petrification.
You are immune to rotting.


Message History

No target in view!
No target in view!
No target in view!
No target in view!
No target in view!
No target in view!
No target in view!
A - 2 potions of flight (gained 1)
s - a fizzy green potion
f - 5 rations (gained 1)
You see here 11 stones.
Found a plate armour.
You are feeling hungry.
w - 2 potions of haste (gained 1)
Found an escape hatch in the ceiling.
There is an escape hatch in the ceiling here.
Found a club.
You see here a club.
Found a blossoming altar of Fedhas.
Are you sure you want to abandon this character and quit the game? (Confirm with "yes".)

,,****,≈≈≈≈≈≈≈≈≈≈≈≈≈........^..##
,****,,≈≈≈≈≈≈_≈≈≈≈≈≈..<....<.#.#
,,,,,,,≈≈≈≈≈≈≈≈≈≈≈≈≈.)...##†...#
******,,≈≈≈≈≈≈≈≈≈≈≈...##.##....##
**,,≈≈≈≈≈≈≈≈≈..............#
********,,.≈≈≈≈≈......##.#.......
,,,,,,,,,,,,..,...##..##.##......
*********,,*,#.#..##.).........#.
*,,#.#..@###.###.####....
***********#.........#*#.#* ####.
*,,,,,,,,,*###.#######*...*****#.
*,******,,*,*#.,,* *,.#........
*,* *,,+_,#,*,* *,.,.######. ,,*
**,*,**,*,* *.#,##** #. ,,*
*,****,*,* *,*,,,,* #. ,,* ***
*,,,* *,****,***#. ,,* *,***
*,**,,,,,*##


There were no monsters in sight!

Vanquished Creatures
  A centaur zombie (D:6)
  Sigmund (D:4)
  A phantom (D:4)
  A black bear (D:6)
  An ogre (D:5)
  A crimson imp (D:5)
  A jelly (D:5)
  An orc priest (D:3)
  A bullfrog skeleton (D:6)
  A centaur skeleton (D:2)
  An orc wizard (D:2)
  An iguana (D:6)
  2 worker ants
  10 adders
  2 shadow imps
  An adder skeleton (D:5)
  A worm (D:3)
  2 dart slugs
  6 leopard geckos
  11 orcs
  2 ball pythons (Sewer)
  8 giant cockroaches
  6 hobgoblins
  19 jackals
  2 quokkas (D:3)
  15 bats
  6 frilled lizards
  9 goblins
  A jackal zombie (D:6)
  15 kobolds
  A quokka skeleton (D:4)
  9 rats
  3 plants (Sewer)
143 creatures vanquished.

Vanquished Creatures (others)
  A plant (Sewer)
1 creature vanquished.

Grand Total: 144 creatures vanquished

Notes
Turn   | Place    | Note
-------+----------+-------------------------------------------
     0 | D:1      | Borgoz the Gargoyle Gladiator began the quest for the Orb.
     0 | D:1      | Reached XP level 1. HP: 12/12 MP: 1/1
   110 | D:1      | Reached XP level 2. HP: 16/17 MP: 2/2
   212 | D:1      | Reached XP level 3. HP: 12/22 MP: 3/3
   468 | D:1      | Reached skill level 1 in Stealth
   739 | D:2      | Reached skill level 1 in Armour
   739 | D:2      | Reached XP level 4. HP: 24/27 MP: 4/4
  1439 | D:2      | Reached XP level 5. HP: 18/31 MP: 5/5
  2570 | D:4      | Noticed Sigmund
  2591 | D:4      | Killed Sigmund
  2591 | D:4      | Reached XP level 6. HP: 34/37 MP: 6/6
  2727 | D:4      | Found a shadowy altar of Dithmenos.
  2727 | D:4      | Found a sacrificial altar of Ru.
  2839 | D:4      | Noticed a phantom
  2890 | D:4      | Killed a phantom
  2890 | D:4      | Reached XP level 7. HP: 34/41 MP: 7/7
  3250 | D:5      | Entered Level 5 of the Dungeon
  3913 | D:6      | Reached skill level 5 in Short Blades
  4024 | D:6      | Found a glowing drain.
  4037 | Sewer    | Entered a sewer
  4698 | D:6      | Reached XP level 8. HP: 43/48 MP: 8/8
  4716 | D:6      | Reached skill level 5 in Dodging
  5128 | D:6      | Found a blossoming altar of Fedhas.
  5129 | D:6      | Quit the game

Skill      XL: |  1  2  3  4  5  6  7  8 |
---------------+-------------------------+-----
Short Blades   | 3 4 5 |  5.7
Stealth        | 1 2 4 |  4.1
Armour         | 1 2 3 |  3.8
Dodging        | 3 4 5 |  5.0
Fighting       | 3 4 |  4.5
Throwing       | |  1.7

Action                   |  1- 3 |  4- 6 |  7- 9 || total
-------------------------+-------+-------+-------++-------
Melee: Rapier            |    71 |       |       ||    71
       Dagger            |    36 |   221 |   134 ||   391
       Short sword       |       |       |   270 ||   270
  Use: Scroll            |       |     3 |     5 ||     8
 Stab: Sleeping          |       |     6 |     2 ||     8
  Eat: Chunk             |       |     6 |     8 ||    14
Armor: Ring mail         |    64 |    90 |   109 ||   263
       Leather armour    |    11 |       |       ||    11
Dodge: Dodged            |   105 |   109 |   166 ||   380
